 Dungeon Crawl Stone Soup version 0.29-a0-364-g921d912d32 (webtiles) character file.

Game seed: 8348162707278222610

1299 YayAnonymity the Covert (level 8, -5/37 HPs)
             Began as a Spriggan Enchanter on Apr 30, 2022.
             Was a Follower of Dithmenos.
             Slain by a river rat (8 damage)
             ... in a sewer.
             The game lasted 00:18:43 (8243 turns).

YayAnonymity the Covert (Spriggan Enchanter)        Turns: 8243, Time: 00:18:43

Health: -5/37      AC:  4    Str:  4    XL:     8   Next: 31%
Magic:  8/15       EV: 18    Int: 17    God:    Dithmenos [*.....]
Gold:   398        SH:  0    Dex: 17    Spells: 10/15 levels left

rFire   + . .      SeeInvis +   a - +1 dagger
rCold   + + .      Faith    .   (no shield)
rNeg    . . .      Spirit   .   j - +2 robe {rC+ rF+}
rPois   +          Reflect  .   (helmet restricted)
rElec   .          Harm     .   (no cloak)
rCorr   .          Rampage  .   (gloves unavailable)
Will    +....                   (boots unavailable)
Stlth   +++++.....              (no amulet)
HPRegen 0.12/turn               m - ring of poison resistance
MPRegen 0.14/turn               u - ring of protection from cold

@: wreathed by umbra, very quick
A: very small, no large weapons, unfitting armour, see invisible, speed 3
a: Renounce Religion


You were in a sewer.
You worshipped Dithmenos.
Dithmenos was aware of your devotion.
You visited 2 branches of the dungeon, and saw 7 of its levels.
You also visited: Sewer.

You collected 398 gold pieces.

Inventory:

Hand Weapons
 a - a +1 dagger (weapon)
 o - a +0 whip of electrocution
Missiles
 n - 11 poisoned darts (quivered)
Armour
 j - a +2 robe of resistance (worn)
Jewellery
 m - a ring of poison resistance (left hand)
 u - a ring of protection from cold (right hand)
Wands
 r - a wand of paralysis (10)
Scrolls
 b - a scroll of blinking
 l - 7 scrolls of teleportation
 t - a scroll of immolation {unknown}
 v - a scroll of enchant weapon {unknown}
 w - a scroll of summoning {unknown}
 x - a scroll of identify
Potions
 c - 3 potions of invisibility
 d - 2 potions of cancellation
 e - 2 potions of mutation
 f - 3 potions of flight
 g - a potion of ambrosia {unknown}
 h - 3 potions of curing {unknown}
 i - 2 potions of lignification {unknown}
 k - 2 potions of heal wounds
 p - 2 potions of brilliance
 q - a potion of attraction {unknown}
 s - a potion of might {unknown}


   Skills:
 + Level 1.6 Fighting
 + Level 4.1 Short Blades
 + Level 4.0 Dodging
 + Level 10.7 Stealth
 - Level 4.0 Spellcasting
 + Level 6.8 Hexes
 - Level 2.0 Ice Magic


You had 10 spell levels left.
You knew the following spells:

 Your Spells              Type           Power      Damage    Failure   Level
a - Ensorcelled Hibernat  Hex/Ice        36%        N/A       4%          2
b - Confusing Touch       Hex            26%        N/A       3%          3

Your spell library contained the following spells:

 Spells                   Type           Power      Damage    Failure   Level
 Tukima's Dance           Hex            26%        N/A       3%          3
 Dazzling Flash           Conj/Hex       30%        N/A       12%         3
 Passwall                 Tmut/Erth      2%         N/A       24%         2
 Swiftness                Air            3%         N/A       43%         3
 Summon Ice Beast         Ice/Summ       6%         N/A       71%         4
 Summon Mana Viper        Hex/Summ       15%        N/A       73%         5
 Yara's Violent Unravell  Hex/Tmut       7%         3d5       73%         5
 Passage of Golubria      Tloc           3%         N/A       83%         4
 Monstrous Menagerie      Summ           1%         N/A       100%        7


Dungeon Overview and Level Annotations

Branches:
Dungeon (6/15)             Temple (1/1) D:5           Sewer (1/1)

Altars:
Ashenzari
Cheibriados
Dithmenos
Elyvilon
Fedhas
Makhleb
Nemelex Xobeh
Okawaru
Ru
Sif Muna
Trog
Uskayaw
Vehumet
Wu Jian
Xom
Yredelemnul
The Shining One

Annotations:
D:6 3 runed translucent doors, indyram44's ghost, novice DsFi


Innate Abilities, Weirdness & Mutations

You are very small and have problems with some larger weapons.
You are too small for most types of armour.
You have supernaturally acute eyesight. (SInv)
You cover ground extremely quickly. (Speed+++)


Message History

Press: ? - help, Shift-Dir - straight line, f - adder
Aim: an adder (umbra, chance to affect: 60%)
The adder resists with significant effort.
The ball python bites you. The ball python completely misses you.
The river rat closely misses you. The adder completely misses you.
The ball python misses you. The ball python completely misses you.
You miss the adder. The adder misses you. The river rat misses you.
The ball python misses you. x2
Casting: Ensorcelled Hibernation (safe; 4% risk of failure)
Confirm with . or Enter, or press ? or * to list all spells.
Aiming: Ensorcelled Hibernation (safe; 4% risk of failure)
Press: ? - help, Shift-Dir - straight line, f/p - adder
Aim: an adder (umbra, chance to affect: 60%)
The adder resists with significant effort.
The adder barely misses you. The river rat bites you.
The river rat twitches its whiskers.
The river rat bites you.
The ball python bites you but does no damage.
The ball python closely misses you.
You hit the adder.
The adder is moderately wounded.
The adder misses you. The ball python bites you.
The ball python barely misses you. The river rat barely misses you.
The river rat bites you. The river rat barely misses you.
Casting: Ensorcelled Hibernation (safe; 4% risk of failure)
Confirm with . or Enter, or press ? or * to list all spells.
Aiming: Ensorcelled Hibernation (safe; 4% risk of failure)
Press: ? - help, Shift-Dir - straight line, f/p - adder
Aim: an adder (moderately wounded, umbra, chance to affect: 60%)
The adder resists with significant effort.
The adder misses you. The ball python misses you. x2
The river rat completely misses you. The adder completely misses you.
The river rat bites you! The river rat bites you.
* * * LOW HITPOINT WARNING * * *
You hit the adder but do no damage.
The adder is moderately wounded.
The ball python completely misses you. x2; The adder bites you.
* * * LOW HITPOINT WARNING * * *
The river rat closely misses you. The river rat bites you!
You die...

≈≈≈≈≈≈#
#≈≈≈≈≈≈#
≈≈≈≈≈≈#
#≈≈≈≈≈≈#
≈≈≈≈≈≈#
#≈≈≈≈≈≈#
≈≈≈≈≈≈#
#≈≈≈≈≈≈#
≈≈≈#≈≈#
#≈≈≈≈≈≈#
≈≈≈≈≈≈#
#≈≈≈≈≈≈#
≈≈≈≈≈≈#
##≈...##
≈≈≈≈≈.#
#.≈..≈≈#
≈≈≈≈≈≈#
##≈r@S≈#
≈≈≈≈≈≈#
#≈≈rSr≈#
≈≈≈≈≈≈#
#≈≈≈l≈≈#
≈≈≈≈≈≈#
#≈≈≈≈≈≈#
≈≈≈≈≈≈#
#≈≈≈≈≈≈#
≈≈≈≈≈≈#
#≈≈≈≈≈≈#
.≈.≈.##
##....##
......#
#......#
.....##
##......#


You could see an adder, 3 river rats, a ball python and a frilled lizard.

Vanquished Creatures
  Grinder (D:5)
  Sigmund (D:3)
  Menkaure (D:6)
  Duvessa (D:5)
  A centaur (D:3)
  2 necrophages
  Dowan (D:5)
  2 hounds
  2 orc wizards (D:4)
  4 gnolls (D:4)
  2 river rats (Sewer)
  14 adders
  3 worms
  5 dart slugs
  10 orcs
  6 bats
  10 endoplasms
  7 giant cockroaches
  4 goblins
  7 hobgoblins
  5 jackals (D:1)
  7 kobolds
  8 quokkas
  11 ball pythons
  2 frilled lizards
  14 rats
131 creatures vanquished.

Notes
Turn   | Place    | Note
-------+----------+-------------------------------------------
     0 | D:1      | YayAnonymity the Spriggan Enchanter began the quest for the
                  | Orb.
     0 | D:1      | Reached XP level 1. HP: 9/9 MP: 5/5
   137 | D:1      | Reached XP level 2. HP: 9/13 MP: 6/6
   140 | D:1      | Learned a level 2 spell: Ensorcelled Hibernation
   253 | D:1      | Reached skill level 5 in Stealth
   987 | D:1      | Reached XP level 3. HP: 15/16 MP: 5/8
  1776 | D:2      | Reached skill level 6 in Stealth
  1776 | D:2      | Reached XP level 4. HP: 21/21 MP: 5/10
  1863 | D:2      | Reached skill level 1 in Ice Magic
  2696 | D:2      | Learned a level 3 spell: Confusing Touch
  2707 | D:3      | Found a shimmering altar of Xom.
  2849 | D:3      | Noticed Sigmund
  3646 | D:3      | Killed Sigmund
  3647 | D:3      | Reached skill level 7 in Stealth
  3647 | D:3      | Reached skill level 5 in Hexes
  3647 | D:3      | Reached XP level 5. HP: 24/24 MP: 8/12
  3647 | D:3      | Reached XP level 6. HP: 28/28 MP: 8/13
  4080 | D:3      | Reached skill level 8 in Stealth
  4497 | D:4      | Found a sparkling altar of Nemelex Xobeh.
  5524 | D:4      | Reached XP level 7. HP: 23/32 MP: 5/14
  5629 | D:4      | Reached skill level 9 in Stealth
  6351 | D:5      | Entered Level 5 of the Dungeon
  6421 | D:5      | Noticed Grinder
  6444 | D:5      | Killed Grinder
  6445 | D:5      | Reached skill level 10 in Stealth
  6713 | D:5      | Found a snail-covered altar of Cheibriados.
  6794 | D:5      | Noticed Dowan
  6796 | D:5      | Noticed Duvessa
  6804 | D:5      | Killed Duvessa
  6811 | D:5      | Killed Dowan
  6812 | D:5      | Reached skill level 1 in Fighting
  6812 | D:5      | Reached XP level 8. HP: 27/37 MP: 2/15
  7008 | D:5      | Found a staircase to the Ecumenical Temple.
  7017 | Temple   | Entered the Ecumenical Temple
  7060 | Temple   | Became a worshipper of Dithmenos the Shadowed
  7693 | D:6      | Found a runed translucent gate.
  7693 | D:6      | Found a runed translucent gate.
  7693 | D:6      | Found a runed translucent gate.
  7695 | D:6      | Noticed indyram44's ghost (novice DsFi)
  7728 | D:6      | Noticed Menkaure
  7740 | D:6      | Killed Menkaure
  7792 | D:6      | Found a glowing drain.
  7842 | Sewer    | Entered a sewer
  8177 | Sewer    | Reached * piety under Dithmenos
  8243 | Sewer    | Slain by a river rat

Illustrated notes

Levels and vault maps discovered:
D:1:      ncdulo_wetmaze, layout_rooms
D:2:      layout_basic, st_stairs_6
D:3:      kennysheep_big_flooded_room, layout_rooms, xom_butterflies,
          minmay_misc_feat_doors, minmay_misc_feat_square, st_stairs_9,
          nicolae_underground_beach, uniq_sigmund
D:4:      layout_rooms, amcnicky_altar_gilded, solitary_fountain
D:5:      layout_loops_corners, mainiacjoe_overflow_alcove_4,
          minmay_temple_entry_antechambers, minmay_misc_feat_roman,
          uniq_duvessa, uniq_grinder
D:6:      layout_loops_ring, zin_statuary, gammafunk_ghost_necromancy,
          gup_sewer_entry_glass, uniq_menkaure, uniq_prince_ribbit1
Temple:   jpeg_temple_clearing
Sewer:    sewer_minmay_w

Skill      XL: |  1  2  3  4  5  6  7  8 |
---------------+-------------------------+-----
Stealth        | 5 6 7 8 10 | 10.7
Spellcasting   | 3 4 |  4.0
Hexes          | 4 5 6 |  6.8
Ice Magic      | 1 2 |  2.0
Short Blades   | 2 3 4 |  4.1
Dodging        | 3 4 |  4.0
Fighting       | 1 |  1.6

Action                   |  1- 3 |  4- 6 |  7- 9 || total
-------------------------+-------+-------+-------++-------
Melee: Dagger            |   122 |   148 |   112 ||   382
       Punch             |     1 |       |     1 ||     2
 Cast: Ensorcelled Hiber |    25 |    83 |    45 ||   153
       Confusing Touch   |       |     1 |     4 ||     5
  Use: Scroll            |       |     8 |     1 ||     9
 Stab: Sleeping          |    15 |    32 |    32 ||    79
       Confused          |       |     2 |     6 ||     8
Armor: Robe              |    11 |     6 |     9 ||    26
Dodge: Dodged            |   107 |    99 |    95 ||   301

Table legend: (Time is in decaauts)
 A = Elapsed time spent in this place.
 B = Non-inter-level travel time spent in this place.
 C = Inter-level travel time spent in this place.
 D = Time resting spent in this place.
 E = Time spent auto-exploring this place.
 F = Levels seen in this place.
 G = Mean time per level.
                   A        B        C        D        E       F      G
               +--------+--------+--------+--------+--------+-----+--------+
         Total |   6759 |   6596 |    163 |   1031 |   4031 |   8 |  844.9 |
       Dungeon |   6325 |   6172 |    153 |    911 |   3865 |   6 | 1054.2 |
        Temple |     59 |     49 |     10 |      0 |     34 |   1 |   59.0 |
         Sewer |    374 |    374 |      0 |    120 |    132 |   1 |  374.0 |
               +--------+--------+--------+--------+--------+-----+--------+

Top non-repeatable levels by time:
     D:3: 2250 daAuts
     D:1: 1181 daAuts
     D:2: 1071 daAuts
     D:4: 858 daAuts
     D:5: 836 daAuts
   Sewer: 374 daAuts
     D:6: 128 daAuts
  Temple: 59 daAuts
